Red Wings vs Canucks
Created - May 18, 2023 at 22:46
Goals
|
| Red Wings |
0 |
0 |
4 |
4 |
| Canucks |
0 |
0 |
1 |
1 |
|
Shots
|
| Red Wings |
5 |
8 |
16 |
29 |
| Canucks |
14 |
5 |
10 |
29 |
|
1st period
No Goal
Penalties :
No Penalty
2nd period
No Goal
Penalties :
Nino Niederreiter (Det) for Roughing (Minor) at 3:57, Loui Eriksson (Van) for Holding (Minor) at 13:58, Loui Eriksson (Van) for Holding Stick (Minor) at 16:43
3rd period
1. Red Wings , Jamie Arniel 15 (Dylan Larkin 30, Ryan O'Reilly 24) at 4:29 (PP)
2. Canucks , Josh Bailey 9 (Oliver Ekman-Larsson 53) at 9:24
3. Red Wings , Connor Brown 30 (Ryan O'Reilly 25, Erik Gudbranson 43) at 12:41
4. Red Wings , Jamie Arniel 16 (Philip Samuelsson 31, Ryan O'Byrne 14) at 13:33
5. Red Wings , Nino Niederreiter 42 (Drew Fata 12, Erik Gudbranson 44) at 13:53
Penalties :
Connor Murphy (Van) for Hooking (Minor) at 3:55, Philip Samuelsson (Det) for Hooking (Minor) at 5:36, Gilbert Brule (Van) for Hooking (Minor) at 18:44
Goalie Stats
Petr Mrazek (Det), 28 saves from 29 shots - (0.966), W, 39-16-3, 60:00 minutes
Jonathan Bernier (Van), 25 saves from 29 shots - (0.862), L, 30-22-3, 60:00 minutes
Players Stats for Red Wings
Player Name G A P +/- PIM S H SB GA TA FO MP PP MP PK MP
------------------------------------------------------------------------------------
Beau Bennett 0 0 0 0 0 1 5 0 1 0 0/0 8:19 0:00 0:56
Carson Mcmillan 0 0 0 1 0 1 0 1 0 0 0/0 13:57 0:00 2:13
Cody Franson 0 0 0 0 0 1 2 0 0 2 0/0 17:01 0:12 0:56
Connor Brown 1 0 1 2 0 5 2 0 0 0 1/3 18:54 3:19 0:00
Denis Grebeshkov 0 0 0 0 0 0 0 3 0 0 0/0 8:17 0:00 0:00
Drew Fata 0 1 1 1 0 2 2 2 1 2 0/0 25:24 2:26 2:13
Dylan Larkin 0 1 1 -1 0 3 4 2 0 1 0/1 19:34 2:32 0:50
Erik Gudbranson 0 2 2 1 0 1 2 2 2 1 0/0 27:07 3:09 2:13
Henrik Zetterberg 0 0 0 -1 0 1 3 0 0 1 8/14 19:25 3:24 0:00
Jamie Arniel 2 0 2 1 0 5 2 0 0 0 2/4 13:20 2:06 0:00
Marko Dano 0 0 0 -1 0 2 2 1 1 0 0/0 19:05 2:28 0:49
Michael Haley 0 0 0 0 0 0 1 0 0 0 0/0 8:04 0:00 0:56
Nino Niederreiter 1 0 1 2 2 3 3 0 1 0 1/4 19:05 3:19 0:00
Philip Samuelsson 0 1 1 1 2 1 1 1 0 1 0/0 21:27 2:38 0:49
Ryan O'Byrne 0 1 1 1 0 0 2 2 0 1 0/0 17:05 0:00 1:45
Ryan O'Reilly 0 2 2 2 0 2 2 1 0 0 12/19 18:44 3:09 0:00
Sergei Kostitsyn 0 0 0 1 0 1 0 0 0 0 0/0 11:27 0:00 0:00
T.J. Hensick 0 0 0 0 0 0 1 1 0 1 1/5 9:45 0:13 2:12
Players Stats for Canucks
Player Name G A P +/- PIM S H SB GA TA FO MP PP MP PK MP
------------------------------------------------------------------------------------
Alexander Kerfoot 0 0 0 0 0 2 1 0 0 0 2/4 9:06 0:00 0:00
Connor Murphy 0 0 0 0 2 0 0 0 0 0 0/0 12:17 0:00 0:00
Gilbert Brule 0 0 0 -1 2 1 1 1 1 0 15/29 19:59 2:03 2:37
Hampus Lindholm 0 0 0 -1 0 3 1 4 1 1 0/0 21:32 1:35 2:35
J.T. Miller 0 0 0 -1 0 4 1 1 1 0 5/8 20:51 2:03 3:28
Jeremy Morin 0 0 0 0 0 2 1 0 1 0 0/0 17:37 1:55 2:23
Josh Bailey 1 0 1 0 0 4 0 0 1 0 0/0 15:13 1:55 0:00
Loui Eriksson 0 0 0 -1 4 1 0 3 0 0 0/1 12:39 0:00 0:10
Luca Sbisa 0 0 0 0 0 1 0 0 0 0 0/0 12:18 0:00 0:00
Mackenzie MacEachern 0 0 0 0 0 2 1 0 0 1 0/1 9:40 0:00 0:34
Maxim Talbot 0 0 0 -1 0 0 0 1 0 0 1/1 12:50 0:00 0:20
Nick Spaling 0 0 0 0 0 2 3 0 0 1 2/5 15:30 1:55 0:17
Nikita Zaitsev 0 0 0 -1 0 1 2 0 1 0 0/0 21:32 1:35 2:35
Oliver Ekman-Larsson 0 1 1 -1 0 2 2 2 1 0 0/0 26:10 2:23 3:12
Sam Gagner 0 0 0 -1 0 3 3 0 1 0 0/1 18:02 2:03 0:39
Tyler Myers 0 0 0 -1 0 0 2 1 2 3 0/0 26:10 2:23 3:12
Vince Hinostroza 0 0 0 -1 0 0 5 1 0 0 0/0 13:37 0:00 1:06
William Lockwood 0 0 0 0 0 1 2 0 0 0 0/0 9:06 0:00 0:00
3 Stars
1 - Jamie Arniel (Det)
2 - Petr Mrazek (Det)
3 - Ryan O'Reilly (Det)
Power Play
Red Wings - 1 on 4 Attempt(s) - 25.00%
Canucks - 0 on 2 Attempt(s) - 0.00%
Penalty Kill
Red Wings - 2 on 2 Attempt(s) - 100.00%
- Score 0 goal in Penalty Kill
Canucks - 3 on 4 Attempt(s) - 75.00%
- Score 0 goal in Penalty Kill
Team Stat
Red Wings - Hits : 34 - Faceoff Wins : 25 - Blocked Shots : 16 - Penalty Minutes : 4
Canucks - Hits : 25 - Faceoff Wins : 25 - Blocked Shots : 14 - Penalty Minutes : 8
Official
Referees : Ghislain Hebert and Francis Charron
Linesman : Bryan Pancich and Tyson Baker
Game Notes
Denis Grebeshkov is injured at 6:52 of 2nd period (Left Hip)
13:53 of 3rd period - Red Wings goal is going for a video replay. After video review, Goal.
Finance
Level 1 -- Attendance: 5889 (98.15%) -- Ticket Income $588,900
Level 2 -- Attendance: 4940 (98.80%) -- Ticket Income $296,400
Level 3 -- Attendance: 2000 (100.00%) -- Ticket Income $70,000
Level 4 -- Attendance: 4000 (100.00%) -- Ticket Income $100,000
Luxury Box -- Attendance: 1000 (100.00%) -- Ticket Income $200,000
Game was played at the Rodgers Arena.
Total Attendance: 17829 (99.05%)
Total Ticket Income: $1,255,300
Other Income: $188,295
Total Income: $1,443,595
Red Wings
5 vs 5 Forward
Center Left Wing Right Wing Time % Phy DF OF
1 Ryan O'Reilly Nino Niederreiter Connor Brown 35 1 2 2
2 Henrik Zetterberg Marko Dano Dylan Larkin 35 1 2 2
3 Jamie Arniel Sergei Kostitsyn Carson Mcmillan 20 1 2 2
4 T.J. Hensick Michael Haley Beau Bennett 10 1 2 2
5 vs 5 Defense
Defense Defense Time % Phy DF OF
1 Erik Gudbranson Drew Fata 40 0 2 3
2 Philip Samuelsson Ryan O'Byrne 30 1 2 2
3 Denis Grebeshkov Cody Franson 20 1 2 2
4 Denis Grebeshkov Cody Franson 10 1 2 2
PowerPlay Forward
Center Left Wing Right Wing Time % Phy DF OF
1 Henrik Zetterberg Nino Niederreiter Connor Brown 60 1 0 4
2 Jamie Arniel Marko Dano Dylan Larkin 40 1 0 4
PowerPlay Defense
Defense Defense Time % Phy DF OF
1 Ryan O'Reilly Erik Gudbranson 60 0 1 4
2 Philip Samuelsson Denis Grebeshkov 40 0 1 4
Penalty Kill 4 Players Forward
Center Wing Time % Phy DF OF
1 T.J. Hensick Carson Mcmillan 60 1 2 2
2 Beau Bennett Michael Haley 40 1 2 2
Penalty Kill 4 Players Defense
Defense Defense Time % Phy DF OF
1 Erik Gudbranson Drew Fata 60 1 2 2
2 Ryan O'Byrne Philip Samuelsson 40 1 2 2
Penalty Kill - 3 Players Forward
Forward Time % Phy DF OF
1 Carson Mcmillan 60 1 2 2
2 Michael Haley 40 1 2 2
Penalty Kill - 3 Players Defense
Defense Defense Time % Phy DF OF
1 Drew Fata Erik Gudbranson 60 1 2 2
2 Philip Samuelsson Ryan O'Byrne 40 1 2 2
4 vs 4 Forward
Center Wing Time % Phy DF OF
1 Connor Brown Nino Niederreiter 60 1 2 2
2 Ryan O'Reilly Marko Dano 40 1 2 2
4 vs 4 Defense
Defense Defense Time % Phy DF OF
1 Erik Gudbranson Philip Samuelsson 60 1 2 2
2 Drew Fata Cody Franson 40 1 2 2
Last Minutes Offensive
Center Left Wing Right Wing Defense Defense
Henrik Zetterberg Nino Niederreiter Connor Brown Erik Gudbranson Philip Samuelsson
Last Minutes Defensive
Center Left Wing Right Wing Defense Defense
T.J. Hensick Michael Haley Carson Mcmillan Drew Fata Erik Gudbranson
Goaltenders
Starting : Petr Mrazek
Backup : Mike McKenna
Extra Forwards
Normal : Carson Mcmillan, Dylan Larkin, T.J. Hensick - PP : Carson Mcmillan, Sergei Kostitsyn - PK : T.J. Hensick
Extra Defensemen
Normal : Erik Gudbranson, Cody Franson, Philip Samuelsson - PP : Drew Fata - PK : Cody Franson, Drew Fata
Penalty Shots
Connor Brown, Dylan Larkin, Nino Niederreiter, Marko Dano, Henrik Zetterberg
Scratches
Alexandre Grenier (Healthy), David Rundblad (Healthy), Tomas Kundratek (Healthy)
Canucks
5 vs 5 Forward
Center Left Wing Right Wing Time % Phy DF OF
1 Gilbert Brule J.T. Miller Sam Gagner 40 1 2 2
2 Nick Spaling Jeremy Morin Josh Bailey 30 1 2 2
3 Maxim Talbot Loui Eriksson Vince Hinostroza 20 1 2 2
4 Alexander Kerfoot Mackenzie MacEachern William Lockwood 10 1 2 2
5 vs 5 Defense
Defense Defense Time % Phy DF OF
1 Oliver Ekman-Larsson Tyler Myers 40 1 2 2
2 Hampus Lindholm Nikita Zaitsev 30 1 2 2
3 Connor Murphy Luca Sbisa 20 1 2 2
4 Oliver Ekman-Larsson Tyler Myers 10 1 2 2
PowerPlay Forward
Center Left Wing Right Wing Time % Phy DF OF
1 Gilbert Brule J.T. Miller Sam Gagner 60 1 2 2
2 Nick Spaling Jeremy Morin Josh Bailey 40 1 2 2
PowerPlay Defense
Defense Defense Time % Phy DF OF
1 Oliver Ekman-Larsson Tyler Myers 60 1 2 2
2 Hampus Lindholm Nikita Zaitsev 40 1 2 2
Penalty Kill 4 Players Forward
Center Wing Time % Phy DF OF
1 J.T. Miller Gilbert Brule 60 1 2 2
2 Sam Gagner Jeremy Morin 40 1 2 2
Penalty Kill 4 Players Defense
Defense Defense Time % Phy DF OF
1 Oliver Ekman-Larsson Tyler Myers 60 1 2 2
2 Hampus Lindholm Nikita Zaitsev 40 1 2 2
Penalty Kill - 3 Players Forward
Forward Time % Phy DF OF
1 J.T. Miller 60 1 2 2
2 Gilbert Brule 40 1 2 2
Penalty Kill - 3 Players Defense
Defense Defense Time % Phy DF OF
1 Oliver Ekman-Larsson Tyler Myers 60 1 2 2
2 Hampus Lindholm Nikita Zaitsev 40 1 2 2
4 vs 4 Forward
Center Wing Time % Phy DF OF
1 J.T. Miller Gilbert Brule 60 1 2 2
2 Sam Gagner Jeremy Morin 40 1 2 2
4 vs 4 Defense
Defense Defense Time % Phy DF OF
1 Oliver Ekman-Larsson Tyler Myers 60 1 2 2
2 Hampus Lindholm Nikita Zaitsev 40 1 2 2
Last Minutes Offensive
Center Left Wing Right Wing Defense Defense
Gilbert Brule J.T. Miller Sam Gagner Oliver Ekman-Larsson Tyler Myers
Last Minutes Defensive
Center Left Wing Right Wing Defense Defense
Gilbert Brule J.T. Miller Sam Gagner Oliver Ekman-Larsson Tyler Myers
Goaltenders
Starting : Jonathan Bernier
Backup : Matt Hackett
Extra Forwards
Normal : Loui Eriksson, Maxim Talbot, Vince Hinostroza - PP : Loui Eriksson, Maxim Talbot - PK : Vince Hinostroza
Extra Defensemen
Normal : Connor Murphy, Luca Sbisa, Hampus Lindholm - PP : Connor Murphy - PK : Luca Sbisa, Hampus Lindholm
Penalty Shots
J.T. Miller, Gilbert Brule, Sam Gagner, Jeremy Morin, Loui Eriksson
Scratches
None
% Time on Ice - Red Wings
Lines # - Real PCT - Wanted PCT - Time Play
Normal Forward
1 - 32% - 35% - 15:52
2 - 31% - 35% - 15:48
3 - 23% - 20% - 11:27
4 - 14% - 10% - 7:08
Normal Defense
1 - 39% - 40% - 19:21
2 - 30% - 30% - 15:02
3 - 23% - 20% - 11:21
4 - 9% - 10% - 4:31
PP Forward
1 - 57% - 60% - 3:19
2 - 43% - 40% - 2:28
PP Defense
1 - 54% - 60% - 3:09
2 - 46% - 40% - 2:38
PK Forward
1 - 76% - 60% - 3:02
2 - 24% - 40% - 0:56
PK Defense
1 - 56% - 60% - 2:13
2 - 44% - 40% - 1:45
PK3 Forward
1 - 0% - 60%
2 - 0% - 40%
PK3 Defense
1 - 0% - 60%
2 - 0% - 40%
44 Forward
1 - 0% - 60%
2 - 0% - 40%
44 Defense
1 - 0% - 60%
2 - 0% - 40%
Last Minute Offensive - 0:00
Last Minute Defensive - 0:00
Total
Forward - 60:00
Defense - 60:00
|
% Time on Ice - Canucks
Lines # - Real PCT - Wanted PCT - Time Play
Normal Forward
1 - 31% - 40% - 15:21
2 - 26% - 30% - 13:18
3 - 25% - 20% - 12:30
4 - 18% - 10% - 9:06
Normal Defense
1 - 37% - 40% - 18:33
2 - 35% - 30% - 17:22
3 - 24% - 20% - 12:18
4 - 4% - 10% - 2:02
PP Forward
1 - 52% - 60% - 2:03
2 - 48% - 40% - 1:55
PP Defense
1 - 60% - 60% - 2:23
2 - 40% - 40% - 1:35
PK Forward
1 - 89% - 60% - 5:08
2 - 11% - 40% - 0:39
PK Defense
1 - 55% - 60% - 3:12
2 - 45% - 40% - 2:35
PK3 Forward
1 - 0% - 60%
2 - 0% - 40%
PK3 Defense
1 - 0% - 60%
2 - 0% - 40%
44 Forward
1 - 0% - 60%
2 - 0% - 40%
44 Defense
1 - 0% - 60%
2 - 0% - 40%
Last Minute Offensive - 0:00
Last Minute Defensive - 0:00
Total
Forward - 60:00
Defense - 60:00
|
Play-by-Play
1st period
0:01 of 1st period - Gilbert Brule wins face-off versus Nino Niederreiter in neutral zone.
0:04 of 1st period - Ryan O'Reilly is hit by Tyler Myers and loses puck.
0:37 of 1st period - Wrist shot by Dylan Larkin.
0:37 of 1st period - Shot Misses the Net.
0:39 of 1st period - Slapshot by Drew Fata.
0:39 of 1st period - Shot Blocked by Oliver Ekman-Larsson.
1:34 of 1st period - Slapshot by Connor Brown.
1:34 of 1st period - Stopped by Jonathan Bernier with a rebound.
2:01 of 1st period - Jeremy Morin is hit by Dylan Larkin and loses puck.
2:20 of 1st period - Wrist shot by Carson Mcmillan.
2:20 of 1st period - Shot Misses the Net.
2:22 of 1st period - Snap shot by Jamie Arniel.
2:22 of 1st period - Shot Blocked by Maxim Talbot.
2:38 of 1st period - Denis Grebeshkov is hit by Sam Gagner and loses puck.
2:46 of 1st period - Off-side.
2:47 of 1st period - Henrik Zetterberg wins face-off versus Gilbert Brule in neutral zone.
2:50 of 1st period - Oliver Ekman-Larsson is hit by Dylan Larkin and loses puck.
2:58 of 1st period - Off-side.
2:59 of 1st period - Nino Niederreiter wins face-off versus Nick Spaling in neutral zone.
3:02 of 1st period - Josh Bailey is hit by Nino Niederreiter and loses puck.
3:25 of 1st period - Nino Niederreiter is hit by Alexander Kerfoot and loses puck.
3:34 of 1st period - Slapshot by Oliver Ekman-Larsson.
3:34 of 1st period - Shot Blocked by Denis Grebeshkov.
3:36 of 1st period - Snap shot by Mackenzie MacEachern.
3:36 of 1st period - Shot Misses the Net.
3:38 of 1st period - Wrist shot by Oliver Ekman-Larsson.
3:38 of 1st period - Stopped by Petr Mrazek with a rebound.
4:12 of 1st period - Slapshot by Beau Bennett.
4:12 of 1st period - Stopped by Jonathan Bernier with a rebound.
5:06 of 1st period - Beau Bennett is hit by Hampus Lindholm and loses puck.
6:36 of 1st period - Snap shot by Alexander Kerfoot.
6:36 of 1st period - Shot Blocked by Ryan O'Byrne.
6:38 of 1st period - Slapshot by Oliver Ekman-Larsson.
6:38 of 1st period - Shot Misses the Net.
6:40 of 1st period - Slapshot by Oliver Ekman-Larsson.
6:40 of 1st period - Stopped by Petr Mrazek with a rebound.
7:08 of 1st period - Loui Eriksson is hit by Erik Gudbranson and loses puck.
7:31 of 1st period - Snap shot by Josh Bailey.
7:31 of 1st period - Stopped by Petr Mrazek with a rebound.
7:57 of 1st period - Drew Fata is hit by Gilbert Brule and loses puck.
8:04 of 1st period - Slapshot by Gilbert Brule.
8:04 of 1st period - Stopped by Petr Mrazek without a rebound.
8:05 of 1st period - Gilbert Brule wins face-off versus Dylan Larkin in Red Wings zone.
8:16 of 1st period - Tyler Myers is hit by Marko Dano and loses puck.
8:31 of 1st period - Cody Franson is hit by Nick Spaling and loses puck.
8:58 of 1st period - Loui Eriksson is hit by Beau Bennett and loses puck.
9:15 of 1st period - Cody Franson is hit by Nikita Zaitsev and loses puck.
9:58 of 1st period - Josh Bailey is hit by Michael Haley and loses puck.
10:07 of 1st period - Michael Haley is hit by Nick Spaling and loses puck.
10:19 of 1st period - Wrist shot by Jeremy Morin.
10:19 of 1st period - Deflect By Ryan O'Byrne.
10:19 of 1st period - Stopped by Petr Mrazek with a rebound.
10:46 of 1st period - Wrist shot by Loui Eriksson.
10:46 of 1st period - Stopped by Petr Mrazek with a rebound.
10:48 of 1st period - Slapshot by Luca Sbisa.
10:48 of 1st period - Deflect By Carson Mcmillan.
10:48 of 1st period - Stopped by Petr Mrazek without a rebound.
10:49 of 1st period - Gilbert Brule wins face-off versus Ryan O'Reilly in Red Wings zone.
10:54 of 1st period - Slapshot by J.T. Miller.
10:54 of 1st period - Stopped by Petr Mrazek with a rebound.
11:08 of 1st period - Erik Gudbranson is hit by J.T. Miller and loses puck.
11:33 of 1st period - Wrist shot by Dylan Larkin.
11:33 of 1st period - Stopped by Jonathan Bernier with a rebound.
12:28 of 1st period - Gilbert Brule is hit by Nino Niederreiter.
12:47 of 1st period - Loui Eriksson is hit by Dylan Larkin and loses puck.
12:54 of 1st period - Vince Hinostroza is hit by Henrik Zetterberg and loses puck.
13:05 of 1st period - Jamie Arniel is hit by Mackenzie MacEachern and loses puck.
13:10 of 1st period - Wrist shot by Alexander Kerfoot.
13:10 of 1st period - Shot Blocked by Denis Grebeshkov.
13:12 of 1st period - Snap shot by Mackenzie MacEachern.
13:12 of 1st period - Stopped by Petr Mrazek without a rebound.
13:13 of 1st period - Connor Brown wins face-off versus Gilbert Brule in Red Wings zone.
13:31 of 1st period - Connor Murphy is hit by Ryan O'Reilly.
14:01 of 1st period - Tyler Myers is hit by Jamie Arniel and loses puck.
14:17 of 1st period - Icing by Denis Grebeshkov.
14:18 of 1st period - Jamie Arniel wins face-off versus Alexander Kerfoot in Red Wings zone.
15:31 of 1st period - Slapshot by Luca Sbisa.
15:31 of 1st period - Shot Blocked by Denis Grebeshkov.
16:15 of 1st period - Wrist shot by Alexander Kerfoot.
16:15 of 1st period - Shot Misses the Net.
16:17 of 1st period - Slapshot by William Lockwood.
16:17 of 1st period - Stopped by Petr Mrazek with a rebound.
16:47 of 1st period - Slapshot by Dylan Larkin.
16:47 of 1st period - Stopped by Jonathan Bernier without a rebound.
16:48 of 1st period - Henrik Zetterberg wins face-off versus Nick Spaling in Canucks zone.
16:49 of 1st period - Snap shot by Marko Dano.
16:49 of 1st period - Shot Misses the Net.
16:58 of 1st period - Dylan Larkin is hit by Tyler Myers and loses puck.
17:15 of 1st period - Wrist shot by Jeremy Morin.
17:15 of 1st period - Shot Misses the Net.
17:39 of 1st period - Wrist shot by Marko Dano.
17:39 of 1st period - Shot Misses the Net.
17:45 of 1st period - Slapshot by Oliver Ekman-Larsson.
17:45 of 1st period - Deflect By Nick Spaling.
17:45 of 1st period - Stopped by Petr Mrazek with a rebound.
17:49 of 1st period - Wrist shot by Josh Bailey.
17:49 of 1st period - Deflect By Nick Spaling.
17:49 of 1st period - Stopped by Petr Mrazek without a rebound.
17:50 of 1st period - Ryan O'Reilly wins face-off versus Gilbert Brule in Red Wings zone.
18:01 of 1st period - Snap shot by J.T. Miller.
18:01 of 1st period - Stopped by Petr Mrazek without a rebound.
18:02 of 1st period - Gilbert Brule wins face-off versus Ryan O'Reilly in Red Wings zone.
18:09 of 1st period - Wrist shot by J.T. Miller.
18:09 of 1st period - Stopped by Petr Mrazek without a rebound.
18:10 of 1st period - Ryan O'Reilly wins face-off versus Gilbert Brule in Red Wings zone.
18:46 of 1st period - Icing by J.T. Miller.
18:47 of 1st period - Henrik Zetterberg wins face-off versus Gilbert Brule in Canucks zone.
18:48 of 1st period - Snap shot by Dylan Larkin.
18:48 of 1st period - Stopped by Jonathan Bernier with a rebound.
19:04 of 1st period - Wrist shot by Sam Gagner.
19:04 of 1st period - Shot Blocked by Erik Gudbranson.
19:58 of 1st period - Connor Brown is hit by William Lockwood and loses puck.
Goals for this period are 0 for Red Wings vs 0 for Canucks.
Shots for this period are 5 for Red Wings vs 14 for Canucks.
2nd period
0:01 of 2nd period - Ryan O'Reilly wins face-off versus Gilbert Brule in neutral zone.
0:16 of 2nd period - Ryan O'Reilly is hit by Sam Gagner and loses puck.
0:51 of 2nd period - Snap shot by Vince Hinostroza.
0:51 of 2nd period - Shot Misses the Net.
1:31 of 2nd period - Snap shot by Marko Dano.
1:31 of 2nd period - Stopped by Jonathan Bernier without a rebound.
1:32 of 2nd period - Gilbert Brule wins face-off versus Henrik Zetterberg in Canucks zone.
1:59 of 2nd period - Philip Samuelsson is hit by Vince Hinostroza and loses puck.
2:44 of 2nd period - Wrist shot by Henrik Zetterberg.
2:44 of 2nd period - Deflect By Marko Dano.
2:44 of 2nd period - Shot Misses the Net.
2:44 of 2nd period - Puck is out of play.
2:45 of 2nd period - Gilbert Brule wins face-off versus Ryan O'Reilly in Canucks zone.
3:11 of 2nd period - Denis Grebeshkov is hit by Oliver Ekman-Larsson.
3:21 of 2nd period - Wrist shot by Carson Mcmillan.
3:21 of 2nd period - Shot Misses the Net.
3:43 of 2nd period - Loui Eriksson is hit by Beau Bennett and loses puck.
3:57 of 2nd period - Minor Penalty to Nino Niederreiter for Roughing.
3:58 of 2nd period - Gilbert Brule wins face-off versus T.J. Hensick in Red Wings zone.
4:31 of 2nd period - Wrist shot by Josh Bailey.
4:31 of 2nd period - Stopped by Petr Mrazek with a rebound.
5:57 of 2nd period - Penalty to Nino Niederreiter is over, Nino Niederreiter is back on ice.
6:02 of 2nd period - Nikita Zaitsev is hit by T.J. Hensick.
6:35 of 2nd period - Snap shot by Mackenzie MacEachern.
6:35 of 2nd period - Stopped by Petr Mrazek without a rebound.
6:36 of 2nd period - Ryan O'Reilly wins face-off versus Mackenzie MacEachern in Red Wings zone.
6:51 of 2nd period - Denis Grebeshkov is hit by William Lockwood and loses puck.
6:52 of 2nd period - Denis Grebeshkov from Red Wings is injured at 6:52 of 2nd period (Left Hip).
6:53 of 2nd period - Gilbert Brule wins face-off versus Connor Brown in Red Wings zone.
7:06 of 2nd period - Oliver Ekman-Larsson is hit by Connor Brown and loses puck.
7:19 of 2nd period - Drew Fata is hit by Nick Spaling and loses puck.
7:46 of 2nd period - Snap shot by Alexander Kerfoot.
7:46 of 2nd period - Stopped by Petr Mrazek with a rebound.
7:52 of 2nd period - Alexander Kerfoot is hit by Erik Gudbranson and loses puck.
8:13 of 2nd period - Slapshot by Mackenzie MacEachern.
8:13 of 2nd period - Shot Misses the Net.
8:42 of 2nd period - Icing by Luca Sbisa.
8:43 of 2nd period - Alexander Kerfoot wins face-off versus Ryan O'Reilly in Canucks zone.
8:50 of 2nd period - Snap shot by William Lockwood.
8:50 of 2nd period - Deflect By Alexander Kerfoot.
8:50 of 2nd period - Stopped by Petr Mrazek with a rebound.
10:24 of 2nd period - Backhand shot by Jamie Arniel.
10:24 of 2nd period - Stopped by Jonathan Bernier with a rebound.
10:26 of 2nd period - Wrist shot by Jamie Arniel.
10:26 of 2nd period - Stopped by Jonathan Bernier without a rebound.
10:27 of 2nd period - Nick Spaling wins face-off versus T.J. Hensick in Canucks zone.
11:36 of 2nd period - Josh Bailey is hit by Henrik Zetterberg and loses puck.
11:57 of 2nd period - Nikita Zaitsev is hit by Ryan O'Byrne and loses puck.
12:28 of 2nd period - Off-side.
12:29 of 2nd period - Henrik Zetterberg wins face-off versus Gilbert Brule in neutral zone.
12:44 of 2nd period - Snap shot by Marko Dano.
12:44 of 2nd period - Stopped by Jonathan Bernier with a rebound.
12:46 of 2nd period - Snap shot by Cody Franson.
12:46 of 2nd period - Shot Blocked by Gilbert Brule.
12:56 of 2nd period - Erik Gudbranson is hit by Vince Hinostroza and loses puck.
13:03 of 2nd period - Vince Hinostroza is hit by Ryan O'Reilly and loses puck.
13:16 of 2nd period - Mackenzie MacEachern is hit by Philip Samuelsson and loses puck.
13:45 of 2nd period - Wrist shot by J.T. Miller.
13:45 of 2nd period - Shot Blocked by Ryan O'Byrne.
13:58 of 2nd period - Minor Penalty to Loui Eriksson for Holding.
13:59 of 2nd period - J.T. Miller wins face-off versus Nino Niederreiter in Canucks zone.
14:02 of 2nd period - Off-side.
14:03 of 2nd period - J.T. Miller wins face-off versus Henrik Zetterberg in neutral zone.
14:16 of 2nd period - Wrist shot by Nino Niederreiter.
14:16 of 2nd period - Stopped by Jonathan Bernier without a rebound.
14:17 of 2nd period - Henrik Zetterberg wins face-off versus J.T. Miller in Canucks zone.
14:30 of 2nd period - Wrist shot by Connor Brown.
14:30 of 2nd period - Stopped by Jonathan Bernier with a rebound.
14:32 of 2nd period - Slapshot by Ryan O'Reilly.
14:32 of 2nd period - Shot Blocked by J.T. Miller.
15:58 of 2nd period - Penalty to Loui Eriksson is over, Loui Eriksson is back on ice.
16:01 of 2nd period - Icing by Tyler Myers.
16:02 of 2nd period - Alexander Kerfoot wins face-off versus T.J. Hensick in Canucks zone.
16:02 of 2nd period - Alexander Kerfoot is hit by Beau Bennett.
16:15 of 2nd period - Slapshot by Philip Samuelsson.
16:15 of 2nd period - Stopped by Jonathan Bernier with a rebound.
16:28 of 2nd period - Philip Samuelsson is hit by Vince Hinostroza and loses puck.
16:43 of 2nd period - Minor Penalty to Loui Eriksson for Holding Stick.
16:44 of 2nd period - J.T. Miller wins face-off versus Connor Brown in Canucks zone.
16:55 of 2nd period - Snap shot by J.T. Miller.
16:55 of 2nd period - Shot Blocked by Ryan O'Reilly.
17:11 of 2nd period - J.T. Miller is hit by Jamie Arniel and loses puck.
17:44 of 2nd period - Slapshot by Hampus Lindholm.
17:44 of 2nd period - Stopped by Petr Mrazek with a rebound.
18:43 of 2nd period - Penalty to Loui Eriksson is over, Loui Eriksson is back on ice.
19:03 of 2nd period - Connor Murphy is hit by Beau Bennett and loses puck.
19:16 of 2nd period - Wrist shot by Cody Franson.
19:16 of 2nd period - Stopped by Jonathan Bernier with a rebound.
19:18 of 2nd period - Snap shot by Henrik Zetterberg.
19:18 of 2nd period - Deflect By Carson Mcmillan.
19:18 of 2nd period - Shot Misses the Net.
19:18 of 2nd period - Puck is out of play.
19:19 of 2nd period - Maxim Talbot wins face-off versus Henrik Zetterberg in Canucks zone.
19:48 of 2nd period - Loui Eriksson is hit by Drew Fata and loses puck.
Goals for this period are 0 for Red Wings vs 0 for Canucks.
Shots for this period are 8 for Red Wings vs 5 for Canucks.
3rd period
0:01 of 3rd period - Ryan O'Reilly wins face-off versus Gilbert Brule in neutral zone.
0:30 of 3rd period - Tyler Myers is hit by Henrik Zetterberg and loses puck.
1:12 of 3rd period - Wrist shot by Gilbert Brule.
1:12 of 3rd period - Shot Blocked by T.J. Hensick.
1:14 of 3rd period - Wrist shot by J.T. Miller.
1:14 of 3rd period - Shot Misses the Net.
1:16 of 3rd period - Snap shot by Hampus Lindholm.
1:16 of 3rd period - Shot Blocked by Philip Samuelsson.
1:49 of 3rd period - Slapshot by Hampus Lindholm.
1:49 of 3rd period - Shot Blocked by Marko Dano.
1:51 of 3rd period - Slapshot by Hampus Lindholm.
1:51 of 3rd period - Shot Blocked by Dylan Larkin.
1:53 of 3rd period - Slapshot by Jeremy Morin.
1:53 of 3rd period - Stopped by Petr Mrazek with a rebound.
1:55 of 3rd period - Wrist shot by Josh Bailey.
1:55 of 3rd period - Stopped by Petr Mrazek without a rebound.
1:56 of 3rd period - Henrik Zetterberg wins face-off versus Gilbert Brule in Red Wings zone.
2:09 of 3rd period - Wrist shot by Sam Gagner.
2:09 of 3rd period - Stopped by Petr Mrazek with a rebound.
2:32 of 3rd period - Snap shot by Connor Brown.
2:32 of 3rd period - Shot Blocked by Oliver Ekman-Larsson.
2:34 of 3rd period - Wrist shot by Drew Fata.
2:34 of 3rd period - Stopped by Jonathan Bernier with a rebound.
2:46 of 3rd period - Sergei Kostitsyn is hit by Vince Hinostroza and loses puck.
2:57 of 3rd period - Loui Eriksson is hit by Cody Franson and loses puck.
3:08 of 3rd period - Michael Haley is hit by Nikita Zaitsev and loses puck.
3:27 of 3rd period - Snap shot by Marko Dano.
3:27 of 3rd period - Shot Misses the Net.
3:29 of 3rd period - Snap shot by Henrik Zetterberg.
3:29 of 3rd period - Stopped by Jonathan Bernier without a rebound.
3:30 of 3rd period - Henrik Zetterberg wins face-off versus Alexander Kerfoot in Canucks zone.
3:39 of 3rd period - Alexander Kerfoot is hit by Marko Dano and loses puck.
3:55 of 3rd period - Minor Penalty to Connor Murphy for Hooking.
3:56 of 3rd period - J.T. Miller wins face-off versus Henrik Zetterberg in Canucks zone.
4:13 of 3rd period - Wrist shot by Nino Niederreiter.
4:13 of 3rd period - Stopped by Jonathan Bernier with a rebound.
4:29 of 3rd period - Snap shot by Jamie Arniel.
4:29 of 3rd period - Goal by Jamie Arniel - Red Wings : 1 - Canucks : 0.
4:30 of 3rd period - Gilbert Brule wins face-off versus Ryan O'Reilly in neutral zone.
4:39 of 3rd period - Snap shot by Sam Gagner.
4:39 of 3rd period - Shot Blocked by Erik Gudbranson.
4:45 of 3rd period - Backhand shot by J.T. Miller.
4:45 of 3rd period - Stopped by Petr Mrazek with a rebound.
5:22 of 3rd period - William Lockwood is hit by Ryan O'Byrne and loses puck.
5:36 of 3rd period - Minor Penalty to Philip Samuelsson for Hooking.
5:37 of 3rd period - Gilbert Brule wins face-off versus T.J. Hensick in Red Wings zone.
5:39 of 3rd period - Snap shot by Gilbert Brule.
5:39 of 3rd period - Shot Misses the Net.
5:47 of 3rd period - Snap shot by Sam Gagner.
5:47 of 3rd period - Stopped by Petr Mrazek without a rebound.
5:48 of 3rd period - T.J. Hensick wins face-off versus Gilbert Brule in Red Wings zone.
6:15 of 3rd period - Carson Mcmillan is hit by Oliver Ekman-Larsson and loses puck.
7:36 of 3rd period - Penalty to Philip Samuelsson is over, Philip Samuelsson is back on ice.
8:21 of 3rd period - Luca Sbisa is hit by Beau Bennett and loses puck.
8:34 of 3rd period - Loui Eriksson is hit by Cody Franson and loses puck.
8:41 of 3rd period - Jamie Arniel is hit by Vince Hinostroza and loses puck.
8:54 of 3rd period - Snap shot by Carson Mcmillan.
8:54 of 3rd period - Stopped by Jonathan Bernier without a rebound.
8:55 of 3rd period - Ryan O'Reilly wins face-off versus J.T. Miller in Canucks zone.
8:56 of 3rd period - Wrist shot by Connor Brown.
8:56 of 3rd period - Stopped by Jonathan Bernier without a rebound.
8:57 of 3rd period - Ryan O'Reilly wins face-off versus Sam Gagner in Canucks zone.
9:00 of 3rd period - Wrist shot by Ryan O'Reilly.
9:00 of 3rd period - Shot Blocked by Tyler Myers.
9:24 of 3rd period - Wrist shot by Josh Bailey.
9:24 of 3rd period - Goal by Josh Bailey - Red Wings : 1 - Canucks : 1.
9:25 of 3rd period - Ryan O'Reilly wins face-off versus Gilbert Brule in neutral zone.
9:30 of 3rd period - Slapshot by Ryan O'Reilly.
9:30 of 3rd period - Stopped by Jonathan Bernier with a rebound.
10:03 of 3rd period - Wrist shot by Josh Bailey.
10:03 of 3rd period - Shot Blocked by Dylan Larkin.
10:21 of 3rd period - Mackenzie MacEachern is hit by Drew Fata and loses puck.
10:42 of 3rd period - Snap shot by Sergei Kostitsyn.
10:42 of 3rd period - Shot Misses the Net.
10:44 of 3rd period - Wrist shot by Erik Gudbranson.
10:44 of 3rd period - Shot Blocked by Vince Hinostroza.
10:46 of 3rd period - Backhand shot by Carson Mcmillan.
10:46 of 3rd period - Shot Blocked by Loui Eriksson.
10:48 of 3rd period - Slapshot by Erik Gudbranson.
10:48 of 3rd period - Stopped by Jonathan Bernier without a rebound.
10:49 of 3rd period - Gilbert Brule wins face-off versus Ryan O'Reilly in Canucks zone.
10:49 of 3rd period - Gilbert Brule is hit by Connor Brown.
10:54 of 3rd period - Off-side.
10:55 of 3rd period - Ryan O'Reilly wins face-off versus Gilbert Brule in neutral zone.
11:43 of 3rd period - Off-side.
11:44 of 3rd period - Nick Spaling wins face-off versus Henrik Zetterberg in neutral zone.
11:55 of 3rd period - Slapshot by Hampus Lindholm.
11:55 of 3rd period - Stopped by Petr Mrazek with a rebound.
11:57 of 3rd period - Snap shot by Nick Spaling.
11:57 of 3rd period - Shot Blocked by Drew Fata.
11:59 of 3rd period - Slapshot by Nikita Zaitsev.
11:59 of 3rd period - Stopped by Petr Mrazek with a rebound.
12:01 of 3rd period - Slapshot by Hampus Lindholm.
12:01 of 3rd period - Stopped by Petr Mrazek without a rebound.
12:02 of 3rd period - Gilbert Brule wins face-off versus Jamie Arniel in Red Wings zone.
12:19 of 3rd period - Wrist shot by Jamie Arniel.
12:19 of 3rd period - Shot Misses the Net.
12:35 of 3rd period - Wrist shot by Connor Brown.
12:35 of 3rd period - Stopped by Jonathan Bernier with a rebound.
12:37 of 3rd period - Slapshot by Erik Gudbranson.
12:37 of 3rd period - Deflect By Ryan O'Reilly.
12:37 of 3rd period - Stopped by Jonathan Bernier with a rebound.
12:39 of 3rd period - Wrist shot by Connor Brown.
12:39 of 3rd period - Shot Misses the Net.
12:41 of 3rd period - Snap shot by Connor Brown.
12:41 of 3rd period - Goal by Connor Brown - Red Wings : 2 - Canucks : 1.
12:42 of 3rd period - Ryan O'Reilly wins face-off versus Gilbert Brule in neutral zone.
13:20 of 3rd period - Marko Dano is hit by Jeremy Morin and loses puck.
13:33 of 3rd period - Slapshot by Philip Samuelsson.
13:33 of 3rd period - Deflect By Jamie Arniel.
13:33 of 3rd period - Goal by Jamie Arniel - Red Wings : 3 - Canucks : 1.
13:34 of 3rd period - J.T. Miller wins face-off versus Nino Niederreiter in neutral zone.
13:37 of 3rd period - Wrist shot by Sam Gagner.
13:37 of 3rd period - Stopped by Petr Mrazek without a rebound.
13:38 of 3rd period - Gilbert Brule wins face-off versus Ryan O'Reilly in Red Wings zone.
13:49 of 3rd period - Snap shot by Nino Niederreiter.
13:49 of 3rd period - Shot Misses the Net.
13:51 of 3rd period - Slapshot by Drew Fata.
13:51 of 3rd period - Stopped by Jonathan Bernier with a rebound.
13:53 of 3rd period - Slapshot by Nino Niederreiter.
13:53 of 3rd period - Red Wings goal is going for a video replay.
13:53 of 3rd period - The goal is good.
13:53 of 3rd period - Goal by Nino Niederreiter - Red Wings : 4 - Canucks : 1.
13:54 of 3rd period - Gilbert Brule wins face-off versus Henrik Zetterberg in neutral zone.
14:07 of 3rd period - Backhand shot by Gilbert Brule.
14:07 of 3rd period - Shot Misses the Net.
14:09 of 3rd period - Slapshot by Oliver Ekman-Larsson.
14:09 of 3rd period - Shot Blocked by Drew Fata.
14:11 of 3rd period - Snap shot by Sam Gagner.
14:11 of 3rd period - Shot Misses the Net.
14:31 of 3rd period - Off-side.
14:32 of 3rd period - Gilbert Brule wins face-off versus Jamie Arniel in neutral zone.
15:00 of 3rd period - Snap shot by Connor Brown.
15:00 of 3rd period - Shot Blocked by Hampus Lindholm.
15:04 of 3rd period - Backhand shot by Nino Niederreiter.
15:04 of 3rd period - Shot Misses the Net.
15:06 of 3rd period - Slapshot by Philip Samuelsson.
15:06 of 3rd period - Shot Misses the Net.
15:20 of 3rd period - Nikita Zaitsev is hit by Dylan Larkin and loses puck.
16:08 of 3rd period - Snap shot by Jamie Arniel.
16:08 of 3rd period - Deflect By Sergei Kostitsyn.
16:08 of 3rd period - Shot Misses the Net.
16:08 of 3rd period - Puck is out of play.
16:09 of 3rd period - Ryan O'Reilly wins face-off versus Nick Spaling in Canucks zone.
16:26 of 3rd period - Wrist shot by Nino Niederreiter.
16:26 of 3rd period - Shot Misses the Net.
16:44 of 3rd period - Ryan O'Byrne is hit by Sam Gagner and loses puck.
16:58 of 3rd period - Off-side.
16:59 of 3rd period - Jamie Arniel wins face-off versus Loui Eriksson in neutral zone.
17:08 of 3rd period - Backhand shot by Jamie Arniel.
17:08 of 3rd period - Stopped by Jonathan Bernier with a rebound.
17:10 of 3rd period - Snap shot by Sergei Kostitsyn.
17:10 of 3rd period - Shot Misses the Net.
17:12 of 3rd period - Wrist shot by Erik Gudbranson.
17:12 of 3rd period - Shot Blocked by Hampus Lindholm.
17:50 of 3rd period - Slapshot by Maxim Talbot.
17:50 of 3rd period - Shot Blocked by Carson Mcmillan.
18:00 of 3rd period - Snap shot by Carson Mcmillan.
18:00 of 3rd period - Shot Misses the Net.
18:02 of 3rd period - Wrist shot by Jamie Arniel.
18:02 of 3rd period - Shot Blocked by Hampus Lindholm.
18:04 of 3rd period - Wrist shot by Jamie Arniel.
18:04 of 3rd period - Shot Blocked by Loui Eriksson.
18:30 of 3rd period - Snap shot by Carson Mcmillan.
18:30 of 3rd period - Shot Blocked by Hampus Lindholm.
18:32 of 3rd period - Snap shot by Cody Franson.
18:32 of 3rd period - Shot Blocked by Loui Eriksson.
18:34 of 3rd period - Snap shot by Sergei Kostitsyn.
18:34 of 3rd period - Stopped by Jonathan Bernier without a rebound.
18:35 of 3rd period - Ryan O'Reilly wins face-off versus Gilbert Brule in Canucks zone.
18:42 of 3rd period - Wrist shot by Connor Brown.
18:42 of 3rd period - Shot Misses the Net.
18:44 of 3rd period - Minor Penalty to Gilbert Brule for Hooking.
18:45 of 3rd period - Henrik Zetterberg wins face-off versus J.T. Miller in Canucks zone.
19:20 of 3rd period - Oliver Ekman-Larsson is hit by Nino Niederreiter and loses puck.
Goals for this period are 4 for Red Wings vs 1 for Canucks.
Shots for this period are 16 for Red Wings vs 10 for Canucks.